 Dungeon Crawl Stone Soup version 0.28.0 (webtiles) character file.

Game seed: 17195064974941324574

760 Ayyar the Cleaver (level 7, -10/62 HPs)
             Began as a Hill Orc Monk on May 4, 2022.
             Mangled by a thrashing horror (12 damage)
             ... on level 2 of the Abyss.
             The game lasted 00:13:13 (4427 turns).

Ayyar the Cleaver (Hill Orc Monk)                   Turns: 4427, Time: 00:13:14

Health: -10/62     AC:  9    Str: 22    XL:     7   Next: 80%
Magic:  7/7        EV:  9    Int: 10    God:
Gold:   109        SH:  5    Dex: 13    Spells: 6/6 levels left

rFire   . . .      SeeInvis .   o - +0 broad axe
rCold   . . .      Faith    .   (no shield)
rNeg    . . .      Spirit   .   m - +0 chain mail
rPois   .          Reflect  +   (no helmet)
rElec   .          Harm     .   (no cloak)
rCorr   .          Rampage  .   (no gloves)
Will    .....                   (no boots)
Stlth   ..........              e - amulet of reflection
HPRegen 0.20/turn               i - +6 ring of strength
MPRegen 0.10/turn               (no ring)

@: about to teleport
A: no striking features
a: no special abilities


You were on level 2 of the Abyss.
You visited 1 branch of the dungeon, and saw 4 of its levels.
You visited the Abyss 1 time.

You collected 109 gold pieces.

Inventory:

Hand Weapons
 o - a +0 broad axe (weapon)
Missiles
 b - a boomerang (quivered)
 l - 5 poisoned darts
Armour
 m - a +0 chain mail (worn)
Jewellery
 e - an amulet of reflection (around neck)
 i - a +6 ring of strength (left hand)
Wands
 p - a wand of acid (11)
Scrolls
 c - 3 scrolls of identify
 f - a scroll of immolation {unknown}
 g - 4 scrolls of magic mapping
 j - a scroll of teleportation
 n - 2 scrolls of vulnerability {unknown}
Potions
 a - a potion of invisibility {unknown}
 d - 2 potions of brilliance
 h - a potion of resistance {unknown}
 k - a potion of flight {unknown}


   Skills:
 + Level 5.7 Fighting
 * Level 8.0 Axes
 + Level 3.6 Armour
 + Level 3.9 Dodging
 - Level 2.0 Stealth


You had 6 spell levels left.
You didn't know any spells.
Your spell library was empty.

Dungeon Overview and Level Annotations

Branches:
Dungeon (4/15)
 Temple: D:4-7

Altars:

Shops:
D:4 *

Annotations:
D:4 Menkaure


Message History

A howler monkey comes into view.
The thrashing horror tramples you.
You hold your ground!
The thrashing horror barely misses you.
The thrashing horror closely misses you.
The thrashing horror tramples you.
You stumble backwards!
The thrashing horror tramples you!
You hold your ground!
The thrashing horror tramples you.
You stumble backwards!
As you read the scroll of teleportation, it crumbles to dust.
You feel strangely unstable.
You feel the power of the Abyss delaying your translocation!
The thrashing horror barely misses you.
The thrashing horror tramples you but does no damage.
The thrashing horror tramples you but does no damage. x2
The thrashing horror roars!
The thrashing horror tramples you but does no damage.
The thrashing horror tramples you.
You stumble backwards!
A smoke demon comes into view.
The smoke demon moves out of view.
The thrashing horror roars!
The thrashing horror tramples you.
You hold your ground!
The thrashing horror tramples you.
You hold your ground!
The thrashing horror roars!
The thrashing horror closely misses you.
The thrashing horror completely misses you.
The thrashing horror roars!
The thrashing horror tramples you!
You hold your ground!
The thrashing horror tramples you.
You hold your ground!
The smoke demon hits you.
* * * LOW HITPOINT WARNING * * *
The smoke demon hits you but does no damage.
The smoke demon barely misses you.
The thrashing horror roars!
The thrashing horror tramples you!
* * * LOW HITPOINT WARNING * * *
You hold your ground!
The thrashing horror tramples you but does no damage.
You block the smoke demon's attack.
The smoke demon hits you but does no damage. x2
The thrashing horror tramples you!
You die...

###########..#
#.h.X.3.......
#.####X### ..
#.##.@##
#.##.#..# #h###
#.# #.# #.. #.
### #X# # #.# #
#######.# ...
......#####.###.


You could see a thrashing horror and a smoke demon.

Vanquished Creatures
  Grinder (D:3)
  A water moccasin (D:4)
  An orc warrior (D:3)
  2 necrophages (D:4)
  A hound (D:4)
  A hound skeleton (D:4)
  5 gnolls
  3 adders
  4 worms
  A dart slug (D:2)
  5 orcs (D:3)
  2 endoplasms
  3 giant cockroaches (D:2)
  4 goblins
  4 hobgoblins
  6 jackals
  A quokka (D:1)
  5 ball pythons
  4 bats
  2 frilled lizards (D:3)
  6 kobolds
  A quokka skeleton (D:4)
  7 rats
70 creatures vanquished.

Notes
Turn   | Place    | Note
-------+----------+-------------------------------------------
     0 | D:1      | Ayyar the Hill Orc Monk began the quest for the Orb.
     0 | D:1      | Reached XP level 1. HP: 19/19 MP: 1/1
   162 | D:1      | Reached XP level 2. HP: 22/27 MP: 2/2
  1109 | D:2      | Reached XP level 3. HP: 33/33 MP: 3/3
  2080 | D:2      | Reached skill level 5 in Axes
  2080 | D:2      | Reached skill level 1 in Armour
  2080 | D:2      | Reached XP level 4. HP: 35/40 MP: 4/4
  2351 | D:3      | Found a faded altar of an unknown god.
  2516 | D:3      | Noticed Grinder
  3027 | D:3      | Reached XP level 5. HP: 47/47 MP: 5/5
  3459 | D:3      | Paralysed by Grinder for 3 turns
  3485 | D:3      | Killed Grinder
  3486 | D:3      | Reached skill level 6 in Axes
  3486 | D:3      | Reached XP level 6. HP: 39/55 MP: 6/6
  3613 | D:4      | Noticed an orc warrior
  3616 | D:4      | Noticed a necrophage
  3633 | D:3      | Killed an orc warrior
  3634 | D:3      | Reached skill level 5 in Fighting
  3693 | D:3      | Reached skill level 7 in Axes
  3693 | D:3      | Reached XP level 7. HP: 21/61 MP: 7/7
  4032 | D:4      | Found Jyucrof's Serpentskin Sales.
  4274 | D:4      | Reached skill level 8 in Axes
  4292 | D:4      | Noticed Menkaure
  4293 | D:4      | Cast into level 1 of the Abyss (gnoll)
  4343 | Abyss:1  | Noticed an ancient zyme
  4361 | Abyss:2  | Noticed a large abomination
  4368 | Abyss:2  | Noticed a cane toad
  4368 | Abyss:2  | a shapeshifter changed into a cane toad
  4391 | Abyss:2  | Noticed a large abomination
  4410 | Abyss:2  | Noticed a thrashing horror
  4421 | Abyss:2  | Noticed a smoke demon
  4426 | Abyss:2  | HP: 2/62 [thrashing horror (13)]
  4427 | Abyss:2  | Mangled by a thrashing horror

Illustrated notes

Levels and vault maps discovered:
D:1:      dpeg_arrival_subterranean_lakeside_camping, layout_basic,
          serial_bayou_pond_d
D:2:      layout_basic
D:3:      layout_rooms, nicolae_overflow_hidden_temple,
          hellmonk_ecumenical_altar_heavens_door, uniq_grinder
D:4:      minmay_spotlight, layout_rooms, gammafunk_ghost_cemetery,
          grunt_decor_cap, guppyfry_shop_venom, uniq_menkaure
Abyss:2:  base:
D:2

Skill      XL: |  1  2  3  4  5  6  7 |
---------------+----------------------+-----
Fighting       | 4 5 |  5.7
Stealth        | 2 |  2.0
Axes           | 5 6 7 8 |  8.0
Armour         | 1 2 3 |  3.6
Dodging        | 3 |  3.9

Action                   |  1- 3 |  4- 6 |  7- 9 || total
-------------------------+-------+-------+-------++-------
Melee: Hand axe          |   131 |    57 |       ||   188
       Punch             |     1 |     1 |       ||     2
       Broad axe         |       |    28 |    31 ||    59
Throw: Dart              |     1 |    10 |       ||    11
       Boomerang         |       |     4 |     7 ||    11
  Use: Scroll            |       |     3 |     1 ||     4
       Potion            |       |     1 |       ||     1
 Stab: Sleeping          |     2 |       |       ||     2
Armor: Robe              |    13 |       |       ||    13
       Chain mail        |       |    24 |    27 ||    51
Dodge: Dodged            |    74 |    25 |    14 ||   113
Block: Other             |    13 |    17 |     5 ||    35
       Reflection        |     1 |     1 |       ||     2
